 Dungeon Crawl Stone Soup version 0.31-a0-949-g57150269e1 (webtiles) character file.

Game seed: 18215002547720314092

1598861 D12ThenQuit the Infernalist (level 27, 187/187 HPs)
             Began as an Octopode Fighter on Oct 21, 2023.
             Was the Champion of Vehumet.
             Escaped with the Orb
             ... and 3 runes on Oct 23, 2023!
             The game lasted 04:00:49 (75037 turns).

D12ThenQuit the Infernalist (Octopode Fighter)     Turns: 75037, Time: 04:00:50

Health: 187/187    AC: 14    Str: 20    XL:     27
Magic:  15/45      EV: 24    Int: 44    God:    Vehumet [******]
Gold:   4558       SH:  0    Dex: 12    Spells: 12/62 levels left

rFire   + + +        f - staff of Inflation {rF+ Will++ Stlth+ Fire}
rCold   + . .        (no shield)
rNeg    . . .        q - +2 hat
rPois   .            G - amulet of Eternal Night {Faith rF++ Regen+}
rElec   +            F - ring "Jaeriax" {Drain rElec rCorr Str+3 Int+6}
rCorr   +            M - +5 ring of evasion
SInv    +            V - ring of the Crafting Gods {rF+ rC+ Int+7 Dex-2}
Will    +++++        C - ring of see invisible
Stlth   +            O - +6 ring of intelligence
HPRegen 1.31/turn    R - ring "Faehywk" {Will+ AC+4 Int+3 Slay+2}
MPRegen 0.29/turn    S - +4 ring of protection
                     E - +6 ring of dexterity

%: faith
@: studying 2 skills
A: almost no armour, amphibious, 8 rings, camouflage 1, gelatinous body 1,
(nimble swimmer 1), tentacles, iridescent scales 1, clumsy 2, shaggy fur 1, no
potion heal 1, MP-powered wands
0: Orb of Zot
}: 3/15 runes: barnacled, silver, gossamer
a: Renounce Religion


You escaped.
You worshipped Vehumet.
Vehumet was exalted by your worship.
You visited 10 branches of the dungeon, and saw 48 of its levels.
You visited 1 bazaar.
You also visited: Bailey, Gauntlet, Ice Cave and Volcano.

You collected 6954 gold pieces.
You spent 2396 gold pieces at shops.

Inventory:

Hand Weapons
 a - a +9 lajatang of speed
Armour
 h - an orb of energy
 q - a +2 hat (worn)
Magical Staves
 f - the staff of Inflation (weapon) {rF+ Will++ Stlth+ Fire}
   (You acquired it in a bailey)

   [staff of fire]

   Base accuracy: +5 Base damage: 5 Base attack delay: 1.2 This weapon's minimum
   attack delay (0.6) is reached at skill level 12.
   rF+:       It protects you from fire.
   Will++:    It greatly increases your willpower.
   Stlth+:    It makes you more stealthy.
   Fire:      It increases the power of your Fire spells.
   It falls into the 'Staves' category.
   It is a one-tentacled weapon.
 u - a staff of poison
Jewellery
 e - the ring of Ibisiafu {Contam Will+ Str+2 Dex+4}
   (You found it on level 2 of the Depths)

   [ring of willpower]

   Str+2:     It affects your strength (+2).
   Dex+4:     It affects your dexterity (+4).
   Will+:     It increases your willpower.
   Contam:    It causes magical contamination when unequipped.
 k - the ring of the Grand Fig {rC+ Will+}
   (You bought it in a shop on level 5 of the Vaults)

   [ring of willpower]

   rC+:       It protects you from cold.
   Will+:     It increases your willpower.
 C - a ring of see invisible (on tentacle)
 E - a +6 ring of dexterity (on tentacle)
 F - the ring "Jaeriax" (left tentacle) {Drain rElec rCorr Str+3 Int+6}
   (You bought it in a shop on level 4 of the Dungeon)

   [ring of intelligence]

   Str+3:     It affects your strength (+3).
   Int+6:     It affects your intelligence (+6).
   rElec:     It insulates you from electricity.
   rCorr:     It protects you from acid and corrosion.
   Drain:     It drains your maximum health when unequipped.
 G - the amulet of Eternal Night (around mantle) {Faith rF++ Regen+}
   (You found it in a Gauntlet)

   [amulet of faith]

   Faith:     It allows you to gain divine favour quickly.
   rF++:      It greatly protects you from fire.
   Regen+:    It increases your rate of health regeneration.
 M - a +5 ring of evasion (right tentacle)
 N - a ring of resist corrosion
 O - a +6 ring of intelligence (on tentacle)
 R - the ring "Faehywk" (on tentacle) {Will+ AC+4 Int+3 Slay+2}
   (You found it on level 3 of the Elven Halls)

   [ring of protection]

   AC+4:      It affects your AC (+4).
   Int+3:     It affects your intelligence (+3).
   Slay+2:    It affects your accuracy & damage with ranged weapons and melee
   (+2).
   Will+:     It increases your willpower.
 S - a +4 ring of protection (on tentacle)
 V - the ring of the Crafting Gods (on tentacle) {rF+ rC+ Int+7 Dex-2}
   (You acquired it on level 4 of the Lair of Beasts)

   [ring of protection from fire]

   Int+7:     It affects your intelligence (+7).
   Dex-2:     It affects your dexterity (-2).
   rF+:       It protects you from fire.
   rC+:       It protects you from cold.
 Z - a ring of flight
Wands
 o - a wand of polymorph (42)
 x - a wand of paralysis (35)
 z - a wand of digging (5)
 A - a wand of quicksilver (10)
 D - a wand of mindburst (42)
 H - a wand of roots (6)
Scrolls
 c - 10 scrolls of fog
 i - 6 scrolls of amnesia
 j - 13 scrolls of immolation
 m - 18 scrolls of teleportation
 p - 3 scrolls of blinking
 y - 7 scrolls of enchant armour
 J - 2 scrolls of summoning
 P - 4 scrolls of poison
 T - 2 scrolls of revelation
 W - 8 scrolls of vulnerability
 Y - 3 scrolls of fear
Potions
 g - 4 potions of berserk rage
 n - a potion of invisibility
 r - 10 potions of brilliance
 s - 8 potions of might
 t - 8 potions of enlightenment
 w - 8 potions of mutation
 B - 5 potions of magic
 I - 3 potions of haste
 K - 7 potions of ambrosia
 Q - 14 potions of curing
 U - 3 potions of resistance
 X - 8 potions of heal wounds
Miscellaneous
 b - a condenser vane
 v - a lightning rod (4/4)


   Skills:
 + Level 15.3 Fighting
 - Level 2.0 Short Blades
 - Level 14.0 Staves
 + Level 15.2 Dodging
 - Level 3.0 Shields
 - Level 18.0 Spellcasting
 - Level 23.7 Conjurations
 - Level 10.0 Translocations
 O Level 27 Fire Magic
 - Level 6.3 Evocations


You had 12 spell levels left.
You knew the following spells:

 Your Spells              Type           Power      Damage    Failure   Level
a - Orb of Destruction    Conj           64%        9d15      1%          7
b - Foxfire               Conj/Fire      100%       2x1d9     0%          1
c - Mephitic Cloud        Conj/Pois/Air  83%        N/A       1%          3
d - Starburst             Conj/Fire      78%        6d20      0%          6
e - Ignition              Fire           80%        3d21      1%          8
f - Blink                 Tloc           100%       N/A       0%          2
g - Fire Storm            Conj/Fire      78%        8d20      1%          9
h - Searing Ray           Conj           100%       2d8       0%          2
i - Passwall              Tmut/Erth      32%        N/A       1%          2
j - Passage of Golubria   Tloc           91%        N/A       1%          4
k - Dispersal             Tloc           45%        N/A       1%          6

Your spell library contained the following spells:

 Spells                   Type           Power      Damage    Failure   Level
 Apportation              Tloc           100%       N/A       0%          1
 Kiss of Death            Conj/Necr      100%       2d13      0%          1
 Magic Dart               Conj           100%       1d8       0%          1
 Lesser Beckoning         Tloc           100%       N/A       0%          2
 Momentum Strike          Conj/Tloc      100%       3d10      0%          2
 Static Discharge         Conj/Air       100%       3-8/arc   0%          2
 Dazzling Flash           Conj/Hex       100%       N/A       0%          3
 Hailstorm                Conj/Ice       97%        3d19      0%          3
 Inner Flame              Hex/Fire       100%       N/A       0%          3
 Volatile Blastmotes      Fire/Tloc      100%       2d18      0%          3
 Flame Wave               Conj/Fire      100%       2d21      0%          4
 Sticky Flame             Conj/Fire      100%       2d11      0%          4
 Fireball                 Conj/Fire      78%        3d29      0%          5
 Iskenderun's Battlesphe  Conj           100%       2d15      0%          5
 Necrotise                Necr           100%       1d9       1%          1
 Summon Small Mammal      Summ           100%       N/A       1%          1
 Cigotuvi's Dreadful Rot  Necr/Pois/Air  78%        N/A       1%          2
 Ensorcelled Hibernation  Hex/Ice        78%        N/A       1%          2
 Poisonous Vapours        Pois/Air       78%        N/A       1%          2
 Sublimation of Blood     Necr           39%        N/A       1%          2
 Wereblood                Tmut           39%        N/A       1%          2
 Call Canine Familiar     Summ           39%        N/A       1%          3
 Confusing Touch          Hex            39%        N/A       1%          3
 Frozen Ramparts          Ice            78%        1d12      1%          3
 Gell's Gravitas          Tloc           91%        N/A       1%          3
 Ignite Poison            Fire/Tmut/Pois 100%       N/A       1%          3
 Ozocubu's Armour         Ice            39%        N/A       1%          3
 Sigil of Binding         Hex            39%        N/A       1%          3
 Swiftness                Air            39%        N/A       1%          3
 Teleport Other           Tloc           91%        N/A       1%          3
 Tukima's Dance           Hex            39%        N/A       1%          3
 Airstrike                Air            19%        2d(3-19)  1%          4
 Brom's Barrelling Bould  Conj/Erth      97%        2d11      1%          4
 Dimensional Bullseye     Hex/Tloc       35%        N/A       1%          4
 Fulminant Prism          Conj/Hex       48%        3d21      1%          4
 Vhi's Electric Charge    Tloc/Air       100%       N/A       1%          4
 Arcjolt                  Conj/Air       48%        1d58      1%          5
 Freezing Cloud           Conj/Ice/Air   41%        6-21      1%          5
 Irradiate                Conj/Tmut      48%        3d27      1%          5
 Summon Forest            Summ/Tloc      35%        N/A       1%          5
 Bombard                  Conj/Erth      48%        9d8       1%          6
 Conjure Ball Lightning   Conj/Air       48%        3x3d17    1%          6
 Plasma Beam              Fire/Air       63%        2x1d79    1%          6
 Spellforged Servitor     Conj/Summ      48%        N/A       1%          7
 Lee's Rapid Deconstruct  Erth           19%        3d11*     4%          5
 Yara's Violent Unravell  Hex/Tmut       19%        3d9       4%          5
 Dispel Undead            Necr           39%        3d16      6%          4
 Leda's Liquefaction      Hex/Erth       19%        N/A       6%          4
 Petrify                  Tmut/Erth      39%        N/A       6%          4
 Summon Ice Beast         Ice/Summ       39%        N/A       6%          4
 Summon Lightning Spire   Summ/Air       39%        N/A       6%          4
 Alistair's Intoxication  Tmut/Pois      26%        N/A       16%         5
 Metabolic Englaciation   Hex/Ice        19%        N/A       16%         5
 Summon Mana Viper        Hex/Summ       39%        N/A       16%         5
 Eringya's Noxious Bog    Tmut/Pois      19%        4d6       22%         6
 Malign Gateway           Summ/Tloc      35%        N/A       54%         7
 Death Channel            Necr           19%        N/A       65%         6
 Simulacrum               Ice/Necr       19%        N/A       65%         6
 Summon Cactus Giant      Summ           19%        N/A       65%         6
 Chain Lightning          Conj/Air       48%        3d64      71%         9
 Ozocubu's Refrigeration  Ice            19%        4d11      73%         7
 Enfeeble                 Hex            19%        N/A       99%         7
 Haunt                    Necr/Summ      19%        N/A       99%         7
 Summon Hydra             Summ           19%        N/A       99%         7
 Borgnjor's Revivificati  Necr           19%        N/A       100%        8
 Infestation              Necr           19%        N/A       100%        8
 Maxwell's Capacitive Co  Air            19%        ∞         100%        8
 Summon Horrible Things   Summ           19%        N/A       100%        8
 Death's Door             Necr           19%        N/A       100%        9
 Polar Vortex             Ice            19%        12d2*     100%        9
 Shatter                  Erth           19%        3d18*     100%        9
 Animate Armour           Summ/Erth      Unusable   N/A       N/A         4

Dungeon Overview and Level Annotations

Branches:
Dungeon (15/15)            Temple (1/1) D:4            Lair (5/5) D:11
 Shoals (4/4) Lair:2       Spider (4/4) Lair:2        Slime (0/5) Lair:5
    Orc (2/2) D:11            Elf (3/3) Orc:2        Vaults (5/5) D:13
  Crypt (0/3) Vaults:3     Depths (4/4) D:15            Zot (5/5) Depths:4
 Bailey (visited)           IceCv (visited)         Volcano (visited)
Gauntlet (visited)

Altars:
Ashenzari
Cheibriados
Dithmenos
Elyvilon
Fedhas
Gozag
Hepliaklqana
Kikubaaqudgha
Makhleb
Nemelex Xobeh
Okawaru
Qazlal
Ru
Sif Muna
Trog
Uskayaw
Vehumet
Wu Jian
Xom
Yredelemnul
Zin
The Shining One
Jiyva

Shops:
D:4 =   D:7 :   D:12 =   Orc:2 =(*=   Elf:1 !:   Shoals:3 (   Vaults:2 (
Vaults:5 =

Portals:
Hell: Depths:1 Depths:2 Depths:3 Depths:4
Abyss: Depths:2 Depths:3
Pandemonium: Depths:2
Ziggurat: Depths:2

Annotations:
D:2 1 runed translucent door, Crazy Yiuf
D:8 Amaemon
D:13 5 runed translucent doors
Shoals:1 Roxanne
Depths:1 1 runed translucent door


Innate Abilities, Weirdness & Mutations

You cannot wear most types of armour.
You are amphibious.
You can wear up to eight rings at the same time.
Your skin changes colour to match your surroundings (Stealth+).
Your rubbery body absorbs attacks. (AC +1, EV +1)
((You are camouflaged when in or above water. (Stealth+)))
You have tentacles for arms and can constrict up to eight enemies at once.
You are partially covered in iridescent scales. (AC +2)
You are very clumsy. (Dex -4)
You are covered in fur. (AC +1)
Potions are less effective at restoring your health.
You expend magic power (3 MP) to strengthen your wands.


Message History

Press: ? - help, Dir - move target, f - fire vortex
Aim: a fire vortex (friendly)
You feel a surge of power!
A raging storm of fire appears!
The great blast of fire engulfs the Hell Sentinel!!!
The Hell Sentinel partially resists.
The Hell Sentinel is almost dead.
Something hits the Hell Sentinel.
Unknown command.
Your tentacles tingle!
a - a +9 lajatang of speed (weapon)
The Hell Sentinel completely misses you. x2
You hit the Hell Sentinel. You squeeze the Hell Sentinel!
You kill the Hell Sentinel!
Vehumet accepts your kill.
f - the staff of Inflation (weapon)
{rF+ Will++ Stlth+ Fire} You swap places.
You swap places.
There is a stone staircase leading up here.
You start resting.
HP restored.
You start resting.
A hell beast comes into view.
Unknown command.
You climb upwards.
There is a stone staircase leading down here.
Casting: Fire Storm (dangerous; 1% risk of failure)
Confirm with . or Enter, or press ? or * to list all spells.
Aiming: Passwall (safe; 1% risk of failure)
Press: ? - help, Dir - move target A rock wall.
This square is covered in magical glow.
You begin to meditate on the wall.
You continue meditating on the rock. x2
You finish merging with the rock.
You see here 2 stones.
You see here 4 stones.
You see here 4 stones.
You see here 3 stones.
There is an open door here.
There is a staircase leading out of the dungeon here.
You have escaped!

........# ######.#...#..#......
.......#######............####...
..).................#'#.>.# #...
#............#.....##.##..####...
#............#######...#.........
#............###.###.[(##.######'
#............##...#.(((.#.##.....
#............##...#.((.(#.##.....
######.......##.@.'((8..#.##.....
#....[..##...#((((.#..#.....
##########...#.[.(.#........
##.###((.###.....#. ### #...#
#..##.#. ##.####..##...
#+###...####> #.....#.# ##
#######.#


There were no monsters in sight!

Vanquished Creatures
  2 pandemonium lords
  3 dread liches (Zot:5)
  4 orbs of fire (Zot:5)
  7 ancient liches
  Bai Suzhen (Shoals:4)
  Parghit (Zot:4)
  A curse toe (Zot:5)
  Saint Roka (Vaults:3)
  3 Killer Klowns (Zot:5)
  A caustic shrike (Depths:3)
  8 golden dragons
  2 electric golems (Zot:5)
  15 tentacled monstrosities
  Jorgrun (D:13)
  Rupert (D:15)
  2 liches
  2 Hell Sentinels
  27 Orb Guardians
  8 titans
  Asterion (Vaults:3)
  6 quicksilver dragons
  A kraken (Shoals:4)
  6 acid blobs (Zot:3)
  5 deep elf blademasters
  2 deep elf master archers (Elf:3)
  10 sphinxes
  Polyphemus (Shoals:2)
  7 death cobs
  Agnes (D:14)
  Kirke (Shoals:1)
  10 tengu reavers
  6 storm dragons
  14 shadow dragons
  Donald (Vaults:4)
  10 draconian monks
  A daeva (Depths:2)
  The ghost of Pyemaest the Impaler, an adept MfGl of Makhleb (Spider:3)
  5 frost giants
  7 emperor scorpions (Spider:4)
  9 fire giants
  6 draconian scorchers
  11 ghost moths
  3 deep elf elementalists (Elf:3)
  7 draconian shifters
  2 iron dragons
  A deep elf sorcerer (Vaults:5)
  24 vault wardens
  9 draconian knights
  Louise (Elf:2)
  The ghost of Bihodil the Severer, a journeyman DgDe (Spider:3)
  A reaper (D:2)
  A balrug (Depths:2)
  8 draconian annihilators
  11 draconian stormcallers
  5 orc warlords
  4 war gargoyles
  18 stone giants
  9 ironbound thunderhulks
  25 ironbound preservers
  Nessos (D:13)
  3 formless jellyfish
  22 very ugly things
  7 deep elf demonologists
  3 spriggan defenders (Depths:2)
  5 vampire knights
  8 green draconians
  7 deep elf annihilators
  A minotaur (Gauntlet)
  The ghost of Cusykhlelepp the Spry, a journeyman FeSu of Gozag (Spider:3)
  14 black draconians
  6 white draconians
  24 yellow draconians
  6 purple draconians
  14 dire elephants
  5 spark wasps (Depths:3)
  Snorg (D:13)
  9 red draconians
  An eidolon (Depths:2)
  9 deep elf death magi (Elf:3)
  11 ettins
  3 jiangshi (Depths:4)
  A quicksilver dragon zombie (D:15)
  8 merfolk impalers
  3 fire dragons
  Josephine (Orc:2)
  2 merfolk javelineers
  An ettin (shapeshifter) (Depths:2)
  11 deep elf high priests
  5 entropy weavers
  10 yaktaur captains
  2 hell beasts
  9 hydras
  2 rakshasas (Depths:1)
  3 ice dragons
  Fannar (Lair:2)
  35 vault guards
  8 great orbs of eyes
  A peacekeeper (Vaults:4)
  5 merfolk aquamancers
  2 radroaches
  4 spriggan air magi
  2 ogre magi (Vaults:5)
  4 catoblepae
  7 merfolk avatars
  A sphinx zombie (D:15)
  17 centaur warriors
  7 ironbound frosthearts
  4 jorogumos
  3 death knights
  10 boulder beetles
  7 deep troll shamans
  4 deep troll earth magi
  9 two-headed ogres
  24 dancing weapons
  3 vampire magi
  7 demonic crawlers
  13 death yaks
  A hell hog (Gauntlet)
  2 occultists
  5 tengu warriors
  Nergalle (D:11)
  6 spriggan berserkers
  13 hell knights
  A storm dragon zombie (D:15)
  7 orc high priests
  16 deep elf knights
  A shock serpent (shapeshifter) (Vaults:4)
  7 sea snakes
  2 skysharks (Shoals:1)
  4 iron trolls
  6 skeletal warriors
  6 arcanists
  3 pharaoh ants
  8 deep elf archers
  63 deep trolls
  A flayed ghost (Depths:1)
  An orb spider (shapeshifter) (Vaults:5)
  A quicksilver dragon simulacrum (Depths:2)
  A sun moth (Spider:3)
  2 glowing orange brains (Depths:2)
  An obsidian statue (Zot:5)
  6 orb spiders
  2 bog bodies (IceCv)
  4 phantasmal warriors
  A shadow demon (Depths:1)
  A shadow dragon zombie (Vaults:3)
  Pikel (D:4)
  6 necromancers
  8 lindwurms
  4 steelbarb worms (Spider:4)
  6 orc knights
  13 ironbound convokers
  22 deep elf pyromancers
  5 large abominations (Elf:2)
  16 deep elf zephyrmancers
  25 harpies
  5 oklob plants
  12 manticores
  9 cyclopes
  26 ugly things
  A manticore (shapeshifter) (D:14)
  An orc sorcerer (Orc:2)
  A cyclops (shapeshifter) (Vaults:5)
  A moth of wrath (shapeshifter) (Vaults:5)
  4 fauns
  A shining eye (Gauntlet)
  18 wolf spiders
  25 moths of wrath
  13 elephants (Lair:5)
  A toenail golem (Depths:1)
  An ice statue (IceCv)
  20 vault sentinels
  7 black mambas
  10 merfolk sirens
  9 torpor snails
  An eye of devastation (shapeshifter) (Depths:1)
  An orange demon (D:8)
  8 water nymphs
  A smoke demon (D:6)
  4 gargoyles
  Maggie (D:9)
  12 cane toads
  An unseen horror (shapeshifter) (D:14)
  Jeremiah (D:8)
  A freezing wraith (Vaults:5)
  5 rime drakes
  An efreet (Volcano)
  An anaconda simulacrum (IceCv)
  2 kobold demonologists (D:13)
  32 yaktaurs
  3 tengu conjurers (Depths:2)
  A yaktaur skeleton (Vaults:3)
  3 komodo dragons
  3 meliai (D:15)
  32 merfolk
  2 burning bushes (Lair:1)
  2 polar bears
  7 trolls
  7 hornets
  Grinder (D:6)
  7 snapping turtles
  A tarantella (shapeshifter) (Elf:2)
  9 wind drakes
  19 blink frogs
  A hornet (shapeshifter) (Elf:3)
  37 slime creatures
  A raiju (Spider:1)
  17 tarantellas
  5 dream sheep (Shoals:4)
  3 air elementals (Elf:1)
  3 shadows
  18 culicivoras
  23 jumping spiders
  2 dire elephant simulacra (IceCv)
  7 spriggans
  An elf zombie (Vaults:3)
  5 fire elementals
  6 hogs (Shoals:1)
  2 steam dragons
  9 water elementals
  3 wraiths (Orc:2)
  22 humans
  Grum (D:9)
  3 wyverns
  29 yaks
  3 fire bats (Gauntlet)
  A golden eye (shapeshifter) (Elf:1)
  7 basilisks
  A basilisk (shapeshifter) (Elf:2)
  A neqoxec (Zot:5)
  3 death yak simulacra (IceCv)
  33 redbacks
  10 vampire mosquitoes
  Edmund (D:6)
  2 harpy simulacra (IceCv)
  An acid dragon (shapeshifter) (Depths:3)
  5 wargs
  3 acid dragons
  6 water moccasins
  2 hydra simulacra (IceCv)
  A glowing shapeshifter skeleton (Vaults:3)
  34 orc warriors
  A glass eye (Gauntlet)
  3 hell hounds (Gauntlet)
  An ettin simulacrum (Vaults:3)
  5 ice beasts
  3 black bears
  A sky beast (D:7)
  3 ogres
  36 wolves
  7 centaurs
  3 phantoms
  2 lemures (D:4)
  4 kobold brigands
  11 bullfrogs
  2 earth elementals
  3 gnoll sergeants
  2 two-headed ogre simulacra (IceCv)
  3 cane toad simulacra (IceCv)
  3 scorpions
  8 small abominations
  14 wights
  6 killer bees
  An elephant simulacrum (IceCv)
  4 howler monkeys
  14 jellies (Zot:3)
  5 hounds
  3 iguanas
  41 orc priests
  2 gnoll boudas
  A sleepcap (D:6)
  Ijyb (D:5)
  36 orc wizards
  A polar bear simulacrum (IceCv)
  10 troll simulacra (IceCv)
  6 spriggan simulacra (IceCv)
  A wolf simulacrum (IceCv)
  24 gnolls
  5 naga simulacra (IceCv)
  8 adders
  10 white imps
  7 ufetubi (IceCv)
  A worm (D:2)
  3 dart slugs
  73 orcs
  11 endoplasms
  2 giant cockroaches
  5 goblins
  6 hobgoblins
  4 jackals
  30 kobolds
  2 quokkas
  6 ball pythons
  6 bats
  4 frilled lizards
  2 rats
  2 foxfires (Vaults:3)
  3 tentacles (Shoals:4)
2125 creatures vanquished.

Vanquished Creatures (collateral kills)
  2 Orb Guardians
  2 acid blobs (Zot:3)
  2 storm dragons
  A draconian monk (Zot:1)
  A draconian annihilator (Zot:1)
  2 stone giants
  A green draconian (Zot:5)
  2 black draconians
  A yellow draconian (Zot:1)
  2 dancing weapons (Elf:2)
  A deep elf knight (Elf:2)
  An ironbound convoker (Vaults:3)
  A deep elf zephyrmancer (Elf:2)
  2 ugly things (Depths:1)
  A freezing wraith (Vaults:5)
  4 jellies (Zot:3)
  9 foxfires
35 creatures vanquished.

Vanquished Creatures (others)
  A butterfly (D:14)
  258 fire vortices
  1140 foxfires
  A tentacle (Shoals:4)
1400 creatures vanquished.

Grand Total: 3560 creatures vanquished

Notes
Turn   | Place    | Note
-------+----------+-------------------------------------------
     0 | D:1      | D12ThenQuit the Octopode Fighter began the quest for the
                  | Orb.
     0 | D:1      | Reached XP level 1. HP: 16/16 MP: 1/1
   111 | D:1      | Reached XP level 2. HP: 21/21 MP: 2/2
   211 | D:1      | Reached XP level 3. HP: 26/26 MP: 3/3
   711 | D:2      | Found a faded altar of an unknown god.
  1491 | D:2      | Found a runed translucent door.
  1492 | D:2      | Noticed Crazy Yiuf
  1729 | D:2      | Reached XP level 4. HP: 17/33 MP: 4/4
  2057 | D:3      | Found a snail-covered altar of Cheibriados.
  2464 | D:3      | Reached XP level 5. HP: 38/38 MP: 5/5
  2514 | D:4      | Found Ogounig's Jewellery Emporium.
  2568 | D:4      | Noticed Pikel
  2568 | D:4      | Noticed a lemure
  2568 | D:4      | Noticed a lemure
  2569 | D:4      | Noticed a lemure
  2777 | D:4      | Noticed a lemure
  2900 | D:3      | Reached skill level 5 in Fighting
  2900 | D:3      | Reached skill level 5 in Dodging
  2900 | D:3      | Reached XP level 6. HP: 41/45 MP: 6/6
  3199 | D:4      | Found a staircase to the Ecumenical Temple.
  3207 | Temple   | Entered the Ecumenical Temple
  3568 | D:5      | Entered Level 5 of the Dungeon
  3979 | D:5      | Found a burning altar of Makhleb.
  4067 | D:5      | Noticed Ijyb
  4473 | D:6      | Reached XP level 7. HP: 23/51 MP: 7/7
  4691 | D:6      | Noticed Grinder
  4903 | D:6      | Learned a level 2 spell: Blink
  5008 | D:6      | Identified a scroll of acquirement
  5009 | D:6      | Acquired a +4 lajatang of speed
  5130 | D:5      | Reached skill level 1 in Staves
  5529 | D:5      | Reached XP level 8. HP: 49/57 MP: 8/8
  5589 | D:5      | Reached skill level 5 in Staves
  5759 | D:5      | Killed Ijyb
  6112 | D:7      | Found a stormy altar of Qazlal.
  6825 | D:7      | Reached skill level 1 in Translocations
  6865 | D:7      | Reached XP level 9. HP: 55/62 MP: 9/9
  6973 | D:7      | Found Hiotesi's Book Shop.
  7509 | D:7      | Found a shadowy altar of Dithmenos.
  7614 | D:7      | Found a radiant altar of Vehumet.
  7628 | D:7      | Became a worshipper of Vehumet
  8089 | D:8      | Noticed Psyche
  8092 | D:8      | Psyche changed into Psyche the ice beast
  8092 | D:8      | Noticed Psyche
  8092 | D:8      | Noticed Amaemon
  8229 | D:8      | Noticed an orange demon
  8249 | D:8      | Killed an orange demon
  8250 | D:8      | Reached skill level 10 in Staves
  8416 | D:8      | Killed Psyche the ice beast
  8417 | D:8      | Reached skill level 1 in Spellcasting
  8569 | D:8      | Noticed a hornet
  8681 | D:9      | Identified the "Yplatt"
  8694 | D:9      | Reached XP level 10. HP: 63/69 MP: 10/12
  8759 | D:9      | Found a bloodstained altar of Trog.
  8773 | D:9      | Found a flagged portal.
  8987 | Bailey   | Entered a bailey
  9018 | Bailey   | Noticed an orc warlord
  9035 | Bailey   | Reached * piety under Vehumet
  9035 | Bailey   | Offered knowledge of Foxfire by Vehumet.
  9051 | Bailey   | Learned a level 1 spell: Foxfire
  9068 | Bailey   | Noticed an orc knight
  9142 | Bailey   | Killed an orc knight
  9143 | Bailey   | Reached skill level 1 in Conjurations
  9143 | Bailey   | Reached skill level 1 in Fire Magic
  9320 | Bailey   | Found a runed translucent gate.
  9322 | Bailey   | Found a runed translucent gate.
  9324 | Bailey   | Found a runed translucent gate.
  9338 | Bailey   | Noticed an orc knight
  9580 | Bailey   | Learned a level 4 spell: Sticky Flame
  9602 | Bailey   | Reached skill level 2 in Fire Magic
  9609 | Bailey   | Killed an orc knight
  9698 | Bailey   | Reached skill level 3 in Fire Magic
 10058 | Bailey   | Killed an orc warlord
 10059 | Bailey   | Reached skill level 4 in Fire Magic
 10241 | Bailey   | Identified the +5 rapier of the Pit {protect, Int+4 Dex-4}
 10253 | Bailey   | Acquired the staff of Inflation {rF+ Will++ Stlth+ Fire}
 10300 | D:9      | Noticed Grum
 10320 | D:8      | Noticed Jeremiah
 10964 | D:8      | Killed Jeremiah
 11063 | D:8      | Reached skill level 5 in Conjurations
 11063 | D:8      | Reached skill level 5 in Fire Magic
 11197 | D:8      | Reached XP level 11. HP: 74/74 MP: 14/16
 11348 | D:9      | Killed Grum
 11435 | D:9      | Noticed Maggie
 11666 | D:9      | Found a sparkling altar of Nemelex Xobeh.
 11666 | D:9      | Found a shimmering blue altar of Sif Muna.
 11673 | D:9      | Found an opulent altar of Gozag.
 11675 | D:9      | Found a hazy altar of Hepliaklqana.
 11677 | D:9      | Found a sacrificial altar of Ru.
 11865 | D:9      | Offered knowledge of Freeze by Vehumet.
 11881 | D:9      | Reached ** piety under Vehumet
 11882 | D:9      | Noticed a two-headed ogre
 12156 | D:9      | Reached skill level 1 in Evocations
 12743 | D:9      | Noticed a death knight
 12876 | D:4      | Killed Pikel
 12877 | D:4      | Reached skill level 6 in Fire Magic
 12886 | D:4      | Bought a +6 ring of intelligence for 468 gold pieces
 12963 | D:6      | Killed Grinder
 13030 | D:6      | Noticed Edmund
 13039 | D:6      | Killed Edmund
 13555 | D:10     | Entered Level 10 of the Dungeon
 13720 | D:10     | HP: 3/74 [poisoned by a killer bee]
 14102 | D:10     | Noticed a two-headed ogre
 14102 | D:10     | Noticed a two-headed ogre
 14620 | D:10     | Found the +8 pair of quick blades "Gyre" and "Gimble"
                  | {protect}
 14672 | D:10     | Killed a two-headed ogre
 14733 | D:10     | Noticed a two-headed ogre
 14744 | D:10     | Killed a two-headed ogre
 14745 | D:10     | Reached skill level 5 in Spellcasting
 14761 | D:10     | Killed a two-headed ogre
 14936 | D:10     | Noticed a two-headed ogre
 14944 | D:10     | Killed a two-headed ogre
 15498 | D:10     | Found an iron altar of Okawaru.
 15513 | D:10     | Offered knowledge of Searing Ray by Vehumet.
 15519 | D:10     | Learned a level 2 spell: Searing Ray
 15652 | D:10     | Reached XP level 12. HP: 81/81 MP: 20/20
 16389 | D:11     | Reached *** piety under Vehumet
 16760 | D:11     | Found a staircase to the Orcish Mines.
 16800 | D:11     | Noticed Nergalle
 16810 | D:11     | Noticed a two-headed ogre
 17148 | D:12     | Reached skill level 5 in Evocations
 17255 | D:12     | Identified the +3 rapier of Dim Light {heavy, Will+ Str+5
                  | Int-2 Dex+3}
 17350 | D:12     | Found a sacrificial altar of Ru.
 17369 | D:12     | Offered knowledge of Volatile Blastmotes by Vehumet.
 17460 | D:12     | Learned a level 3 spell: Volatile Blastmotes
 18072 | D:12     | HP: 1/84 [skeletal warrior/+0 halberd (23)]
 18530 | D:12     | Noticed a boulder beetle
 18555 | D:11     | Found a staircase to the Lair.
 18735 | D:11     | Killed a two-headed ogre
 18779 | IceCv    | Identified the of Loepefor
 18779 | Lair:1   | Entered Level 1 of the Lair of Beasts
 18790 | D:11     | Reached **** piety under Vehumet
 19260 | D:11     | Killed Nergalle
 19261 | D:11     | Reached XP level 13. HP: 52/88 MP: 19/23
 20834 | Lair:2   | Found a snail-covered altar of Cheibriados.
 20922 | Lair:2   | Noticed Fannar
 20943 | Lair:2   | Killed Fannar
 20946 | Lair:2   | Offered knowledge of Mephitic Cloud by Vehumet.
 21076 | Lair:2   | Learned a level 3 spell: Mephitic Cloud
 21391 | Lair:2   | Found a staircase to the Shoals.
 21866 | Lair:2   | Identified the +5 ring mail of Sloth {Slay+3}
 22433 | Lair:2   | Found a hole to the Spider Nest.
 22672 | Lair:2   | Reached skill level 10 in Dodging
 22805 | Lair:3   | Reached skill level 10 in Fighting
 23867 | Lair:4   | Acquired the ring of the Crafting Gods {rF+ rC+ Int+7
                  | Dex-2}
 24075 | Lair:4   | Found a dark tunnel.
 24086 | Volcano  | Entered a volcano
 24135 | Volcano  | Reached skill level 7 in Fire Magic
 24294 | Volcano  | Noticed a stone giant
 24302 | Volcano  | Killed a stone giant
 24303 | Volcano  | Reached XP level 14. HP: 99/99 MP: 26/26
 25174 | Lair:5   | Entered Level 5 of the Lair of Beasts
 25187 | Lair:5   | Found a staircase to the Slime Pits.
 25209 | Lair:4   | Reached skill level 8 in Fire Magic
 25428 | Lair:5   | Reached ***** piety under Vehumet
 25858 | Lair:5   | Found a viscous altar of Jiyva.
 26005 | Lair:5   | Offered knowledge of Lee's Rapid Deconstruction by Vehumet.
 26047 | Lair:5   | Reached skill level 9 in Fire Magic
 26572 | Lair:5   | Reached skill level 10 in Fire Magic
 27046 | Lair:5   | Reached skill level 11 in Fire Magic
 27722 | D:4      | Bought the ring "Jaeriax" {Drain rElec rCorr Str+3 Int+6}
                  | for 731 gold pieces
 28127 | D:9      | Identified the +6 broad axe of Wyrd {flame, rElec MP+9
                  | Str+4}
 28346 | D:9      | Reached skill level 12 in Fire Magic
 28346 | D:9      | Reached XP level 15. HP: 98/103 MP: 22/27
 28485 | D:9      | Killed Maggie
 28530 | D:9      | Learned a level 8 spell: Ignition
 28709 | D:12     | Found Pofah's Jewellery Emporium.
 28838 | D:13     | Noticed Jorgrun
 29020 | D:13     | Noticed Nessos
 29029 | D:13     | Killed Nessos
 29201 | D:13     | Killed Jorgrun
 29202 | D:13     | Reached skill level 13 in Fire Magic
 29352 | D:13     | Found a frozen archway.
 29370 | D:13     | Noticed Snorg
 29384 | IceCv    | Entered an ice cave
 29810 | IceCv    | Offered knowledge of Starburst by Vehumet.
 29823 | IceCv    | Learned a level 6 spell: Starburst
 30743 | D:13     | Killed Snorg
 31009 | D:13     | Reached skill level 14 in Fire Magic
 31302 | D:13     | Noticed an emperor scorpion
 31302 | D:13     | Noticed an emperor scorpion
 31303 | D:13     | Noticed an emperor scorpion
 31304 | D:13     | Noticed an emperor scorpion
 31308 | D:13     | Found a runed translucent door.
 31308 | D:13     | Found a runed translucent gate.
 31308 | D:13     | Found a runed translucent gate.
 31316 | D:13     | Found the +9 staff of Olgreb {rPois∞}
 31320 | D:13     | Found a runed translucent door.
 31320 | D:13     | Noticed a ghost moth
 31321 | D:13     | Noticed a ghost moth
 31345 | D:13     | Found a runed translucent gate.
 31705 | D:13     | Identified the +3 falchion of the Pyrrhic Victory {drain,
                  | rElec rCorr Str+2}
 31762 | D:13     | Found a gate to the Vaults.
 32040 | D:13     | Identified the +1 longbow of the Desert {drain, rElec rPois
                  | rF+ Dex-3}
 32223 | D:14     | Reached skill level 15 in Fire Magic
 32401 | D:14     | Noticed Agnes
 32410 | D:14     | Killed Agnes
 32756 | D:14     | Offered knowledge of Irradiate by Vehumet.
 32919 | D:14     | Identified the +4 short sword of Ufaamn {vamp, Str+4 Dex+3}
 33186 | D:14     | Found a white marble altar of Elyvilon.
 33669 | D:14     | Upgraded the game from 0.31-a0-940-gdaa99269f9 to
                  | 0.31-a0-949-g57150269e1
 33706 | D:15     | Entered Level 15 of the Dungeon
 33917 | D:15     | Reached skill level 16 in Fire Magic
 33993 | D:15     | Found a gate leading to a gauntlet.
 34007 | Gauntlet | Entered a Gauntlet
 34007 | Gauntlet | Found a transporter.
 34019 | Gauntlet | Found a transporter.
 34033 | Gauntlet | Found a transporter.
 34038 | Gauntlet | Found a transporter.
 34058 | Gauntlet | Found a transporter.
 34072 | Gauntlet | Found a transporter.
 34084 | Gauntlet | Found a transporter.
 34096 | Gauntlet | Found a transporter.
 34108 | Gauntlet | Found a transporter.
 34120 | Gauntlet | Found a transporter.
 34137 | Gauntlet | Found a transporter.
 34155 | Gauntlet | Found a transporter.
 34157 | Gauntlet | Found a transporter.
 34182 | Gauntlet | Found a transporter.
 34184 | Gauntlet | Found a transporter.
 34204 | Gauntlet | Found a transporter.
 34300 | Gauntlet | Found a transporter.
 34404 | Gauntlet | Found a transporter.
 34406 | Gauntlet | Paralysed by a glass eye for 4 turns
 34409 | Gauntlet | Gained mutation: You are frail. (-10% HP) [a shining eye]
 34414 | Gauntlet | Reached XP level 16. HP: 98/98 MP: 19/28
 34421 | Gauntlet | Identified the -1 pair of gloves of Pixkium {*Slow Int+7
                  | Dex-3 SInv}
 34530 | Gauntlet | Identified the amulet of Eternal Night {Faith rF++ Regen+}
 34696 | Gauntlet | Lost mutation: You are frail. (-10% HP) [potion of
                  | mutation]
 34696 | Gauntlet | Gained mutation: You are covered in fur. (AC +1) [potion of
                  | mutation]
 34696 | Gauntlet | Gained mutation: You are partially covered in iridescent
                  | scales. (AC +2) [potion of mutation]
 34696 | Gauntlet | Gained mutation: You expend magic power (3 MP) to
                  | strengthen your wands. [potion of mutation]
 34696 | Gauntlet | Gained mutation: Your mind is acute. (Int +4, Str/Dex -1)
                  | [potion of mutation]
 34706 | Gauntlet | Identified the +5 longbow "Arcanum" {drain, rPois Int+2
                  | Dex-5}
 35163 | D:15     | Reached skill level 17 in Fire Magic
 35245 | D:15     | Found a staircase to the Depths.
 35719 | D:15     | Noticed Rupert
 35725 | D:15     | Killed Rupert
 36106 | Orc:1    | Entered Level 1 of the Orcish Mines
 36538 | Orc:2    | Entered Level 2 of the Orcish Mines
 36539 | Orc:2    | Found a radiant altar of Vehumet.
 36737 | Orc:1    | Offered knowledge of Fireball by Vehumet.
 36908 | Orc:2    | Found a staircase to the Elven Halls.
 37496 | Orc:2    | Reached skill level 18 in Fire Magic
 37501 | Orc:2    | Noticed Josephine
 37508 | Orc:2    | Killed Josephine
 37545 | Orc:2    | Found Boskoa's Weapon Shoppe.
 37545 | Orc:2    | Found Tuharaoph's Jewellery Shoppe.
 37548 | Orc:2    | Found Anuv's Assorted Antiques.
 37551 | Orc:2    | Found Kocko's Jewellery Emporium.
 38101 | Shoals:1 | Entered Level 1 of the Shoals
 38257 | Shoals:1 | Noticed Roxanne
 38293 | Shoals:1 | Noticed Kirke
 38297 | Shoals:1 | Killed Kirke
 39010 | Shoals:1 | Acquired a book of the Spheres
 39160 | Shoals:1 | Offered knowledge of Bombard by Vehumet.
 39748 | Shoals:2 | Noticed Polyphemus
 39764 | Shoals:2 | Learned a level 7 spell: Orb of Destruction
 40039 | Shoals:2 | Reached XP level 17. HP: 74/115 MP: 25/30
 40039 | Shoals:2 | Killed Polyphemus
 40953 | Shoals:3 | Found Ybleuxy's Weapon Shop.
 41458 | Shoals:4 | Entered Level 4 of the Shoals
 41473 | Shoals:4 | Noticed Bai Suzhen
 41741 | Shoals:4 | Reached skill level 10 in Conjurations
 42010 | Shoals:4 | Got a barnacled rune of Zot
 42056 | Shoals:4 | Killed Bai Suzhen
 42308 | Shoals:4 | Offered knowledge of Bombard by Vehumet.
 42531 | Shoals:4 | Noticed a kraken
 42536 | Shoals:4 | Killed a kraken
 42550 | Shoals:4 | Identified the +1 robe of True Grit {-Cast rF+ Str-3 Dex+6}
 42642 | Shoals:4 | Identified the +2 rapier of Tenacity {venom, rElec rC+
                  | Stlth+}
 42942 | Shoals:4 | Identified the +4 dagger of Bankruptcy {antimagic, Str+3}
 43116 | Shoals:4 | Identified the +1 robe "Esevozevvu" {Regen+ Str+5}
 43355 | Spider:1 | Entered Level 1 of the Spider Nest
 43435 | Spider:1 | Reached XP level 18. HP: 106/120 MP: 9/31
 43885 | Spider:1 | Offered knowledge of Lehudib's Crystal Spear by Vehumet.
 45583 | Spider:2 | Reached skill level 15 in Conjurations
 45976 | Spider:3 | Found a runed translucent gate.
 45981 | Spider:3 | Noticed Cusykhlelepp's ghost (journeyman FeSu)
 45983 | Spider:3 | Noticed Pyemaest's ghost (adept MfGl)
 45991 | Spider:3 | Noticed Bihodil's ghost (journeyman DgDe)
 46035 | Spider:3 | Found a runed translucent gate.
 46036 | Spider:3 | Found a runed translucent gate.
 47394 | Spider:3 | Killed Pyemaest's ghost
 47394 | Spider:3 | Killed Cusykhlelepp's ghost
 47395 | Spider:3 | Killed Bihodil's ghost
 47520 | Spider:4 | Entered Level 4 of the Spider Nest
 47649 | Spider:4 | Reached skill level 10 in Spellcasting
 48811 | Spider:4 | Reached ****** piety under Vehumet
 49234 | Spider:4 | Offered knowledge of Fire Storm by Vehumet.
 49234 | Spider:4 | Offered knowledge of Shatter by Vehumet.
 49234 | Spider:4 | Offered knowledge of Chain Lightning by Vehumet.
 49248 | Spider:4 | Learned a level 9 spell: Fire Storm
 49356 | Spider:4 | Reached XP level 19. HP: 113/129 MP: 16/33
 49482 | Spider:4 | Reached skill level 19 in Fire Magic
 49739 | Spider:4 | Got a gossamer rune of Zot
 50068 | Vaults:3 | Identified the "Ysmisir"
 50068 | Vaults:5 | Identified the "Kaggaoho"
 50068 | Crypt:3  | Identified the of Xitiv
 50068 | Depths:2 | Identified the "Ysmakhlu"
 50068 | Elf:1    | Entered Level 1 of the Elven Halls
 50339 | Elf:1    | Identified the +2 rapier of the Omega Point {flame, MP+9}
 50697 | Elf:1    | Found Fiucvum's Distillery.
 50702 | Elf:1    | Found Ulairuinn's Book Shoppe.
 50846 | Elf:1    | Found Gaudun's Magic Scroll Shoppe.
 51511 | Elf:2    | Found a runed translucent gate.
 51511 | Elf:2    | Found a runed translucent gate.
 51511 | Elf:2    | Found a runed translucent gate.
 51603 | Elf:2    | Identified the staff "Nifelon" {rC+ Str+4 Ice}
 51829 | Elf:2    | Reached skill level 20 in Fire Magic
 52273 | Elf:2    | Noticed Louise
 52282 | Elf:2    | Killed Louise
 52578 | Elf:3    | Identified the "Miqyucw"
 52578 | Elf:3    | Identified the "Vamnibri"
 52578 | Elf:3    | Identified the "Jousipna"
 52578 | Elf:3    | Entered Level 3 of the Elven Halls
 52635 | Elf:3    | Reached XP level 20. HP: 126/135 MP: 34/34
 53432 | Elf:3    | Identified the staff "Zompeag" {rElec rPois Str+5 Dex-5
                  | Air}
 53453 | Elf:3    | Identified the +8 orcbow of Defiance {flame, rC+++ Int+3}
 53483 | Elf:3    | Identified the +3 leather armour "Jaicw" {Rampage rF+ SInv}
 53500 | Elf:3    | Identified the ring "Faehywk" {Will+ AC+4 Int+3 Slay+2}
 53579 | Elf:3    | Identified the +1 scale mail "Ducofe" {rC+++ Str+4 Dex-2
                  | Slay+5}
 53602 | Elf:3    | Identified the +8 war axe of the Leaping Gods {chaos,
                  | Int+4}
 53797 | Elf:3    | Reached skill level 21 in Fire Magic
 53861 | Elf:3    | Identified the +8 trident "Maiz" {flame, rPois rN+ Int+2
                  | Dex+3}
 54096 | Vaults:1 | Entered Level 1 of the Vaults
 54323 | Vaults:1 | Found a flickering gateway to a bazaar.
 54336 | Bazaar   | Entered a bazaar
 54384 | Bazaar   | Found Bofow's Assorted Antiques.
 54384 | Bazaar   | Found Xinoc's Armour Shoppe.
 54395 | Bazaar   | Bought a fuming yellow potion for 17 gold pieces
 54408 | Bazaar   | Found Agyusoth's Assorted Antiques.
 54413 | Bazaar   | Bought a potion of haste for 290 gold pieces
 54424 | Bazaar   | Found Heyf Ugo's Book Emporium.
 54424 | Bazaar   | Found Voasch's General Store.
 54446 | Bazaar   | Found Akhaemm's Book Emporium.
 54512 | Bazaar   | Bought a jewelled sling for 188 gold pieces
 54512 | Bazaar   | Identified the +11 sling of Wuplosit {speed, Fly Int-2
                  | Dex+4} (You bought it in a shop in a bazaar)
 56208 | Vaults:2 | Found Ydwuq's Weapon Boutique.
 56239 | Vaults:2 | Reached XP level 21. HP: 141/141 MP: 21/35
 56395 | Vaults:2 | Reached skill level 22 in Fire Magic
 57436 | Vaults:2 | Identified the +1 chain mail of Sloth {rC+ rCorr Slay-3}
 58303 | Vaults:3 | Noticed Asterion
 58305 | Vaults:3 | Killed Asterion
 58625 | Vaults:3 | Found a staircase to the Crypt.
 58625 | Vaults:3 | Found a basalt altar of Yredelemnul.
 58625 | Vaults:3 | Found an ancient bone altar of Kikubaaqudgha.
 59359 | Vaults:3 | Noticed Saint Roka
 59362 | Vaults:3 | Killed Saint Roka
 59369 | Vaults:3 | Reached XP level 22. HP: 135/146 MP: 15/38
 60138 | Vaults:4 | Reached skill level 23 in Fire Magic
 60559 | Vaults:4 | Noticed Donald
 60561 | Vaults:4 | Killed Donald
 60880 | Vaults:5 | Entered Level 5 of the Vaults
 61263 | Vaults:5 | Noticed an ancient lich
 61265 | Vaults:5 | Killed an ancient lich
 61289 | Vaults:5 | Reached XP level 23. HP: 127/152 MP: 29/41
 61505 | Vaults:5 | Identified the +1 halberd "Zast" {pain, MP+9 Dex-3 SInv}
 61803 | Vaults:5 | Identified the +4 trident of the Thing {drain, rC+}
 61888 | Vaults:5 | Noticed a golden dragon
 61890 | Vaults:5 | Killed a golden dragon
 62193 | Vaults:5 | Reached skill level 24 in Fire Magic
 62407 | Vaults:5 | Identified the +0 cloak "Bocipt" {Contam rN+++ Str+3 Int-4}
 62415 | Vaults:5 | Got a silver rune of Zot
 62844 | Vaults:5 | Reached skill level 15 in Spellcasting
 63010 | Vaults:5 | Found Osennow's Jewellery Boutique.
 63015 | Vaults:5 | Identified the +0 flail of Karma {drain, rElec Dex+6 SInv
                  | Stlth-}
 63030 | Vaults:5 | Bought the ring of the Grand Fig {rC+ Will+} for 702 gold
                  | pieces
 63451 | Depths:1 | Entered Level 1 of the Depths
 63491 | Depths:1 | Found a runed translucent door.
 63969 | Depths:1 | Found a gateway to Hell.
 64228 | Depths:1 | Noticed a golden dragon
 64253 | Depths:1 | Killed a golden dragon
 64709 | Depths:2 | Found a one-way gateway to a ziggurat.
 65167 | Depths:2 | Found a shadowy altar of Dithmenos.
 65212 | Depths:2 | Reached XP level 24. HP: 158/158 MP: 33/42
 65273 | Depths:2 | Found a one-way gate leading to the halls of Pandemonium.
 65592 | Depths:2 | Identified the ring of Ibisiafu {Contam Will+ Str+2 Dex+4}
 66100 | Depths:2 | Found a one-way gate to the infinite horrors of the Abyss.
 66631 | Depths:3 | Noticed a caustic shrike
 66634 | Depths:3 | Killed a caustic shrike
 66635 | Depths:3 | Reached skill level 25 in Fire Magic
 67330 | Depths:4 | Entered Level 4 of the Depths
 67341 | Depths:4 | Identified the +1 rapier of Baliti {flame, rC+}
 67574 | Depths:4 | Found a sparkling altar of Nemelex Xobeh.
 68043 | Depths:4 | Found a gate to the Realm of Zot.
 68100 | Depths:4 | Identified the +6 war axe "Sunnunt" {flame, rElec Int+4
                  | Dex-5}
 68459 | Zot:1    | Identified the of Erhegg
 68459 | Zot:1    | Entered Level 1 of the Realm of Zot
 68470 | Zot:1    | Learned a level 2 spell: Passwall
 68475 | Zot:1    | Learned a level 4 spell: Passage of Golubria
 68493 | Zot:1    | Reached XP level 25. HP: 148/163 MP: 33/44
 68549 | Zot:1    | Noticed an orb of fire
 68558 | Zot:1    | Gained mutation: You are clumsy. (Dex -2) [an orb of fire]
 69777 | Zot:2    | Identified the "Wubbause"
 70118 | Zot:3    | Reached skill level 26 in Fire Magic
 70516 | Zot:2    | Learned a level 6 spell: Dispersal
 70926 | Zot:2    | Identified the "Yriomaim" (You acquired it on level 2 of
                  | the Realm of Zot)
 70926 | Zot:2    | Acquired 375 gold pieces
 71165 | Zot:3    | Reached skill level 5 in Translocations
 71358 | Zot:3    | Reached XP level 26. HP: 144/170 MP: 29/45
 72278 | Zot:4    | Identified the "Ugient"
 72288 | Zot:4    | Noticed Parghit
 72291 | Zot:4    | Killed Parghit
 72561 | Zot:5    | Entered Level 5 of the Realm of Zot
 72833 | Zot:5    | Reached skill level 27 in Fire Magic
 72861 | Zot:5    | Identified the +8 kite shield of Tartarus {rPois rC- rN++}
 73144 | Zot:4    | Reached skill level 10 in Translocations
 73171 | Zot:5    | Noticed an orb of fire
 73181 | Zot:5    | Killed an orb of fire
 73332 | Zot:5    | Noticed a Killer Klown
 73336 | Zot:5    | Noticed a dread lich
 73338 | Zot:5    | Killed a Killer Klown
 73341 | Zot:5    | Killed a dread lich
 73617 | Zot:5    | Noticed an ancient lich
 73620 | Zot:5    | Killed an ancient lich
 73707 | Zot:5    | Noticed an orb of fire
 73707 | Zot:5    | Noticed an ancient lich
 73709 | Zot:5    | Noticed an ancient lich
 73710 | Zot:5    | Killed an ancient lich
 73710 | Zot:5    | Noticed an ancient lich
 73712 | Zot:5    | Killed an ancient lich
 73713 | Zot:5    | Killed an ancient lich
 73713 | Zot:5    | Killed an orb of fire
 73716 | Zot:5    | Noticed a dread lich
 73718 | Zot:5    | Killed a dread lich
 73732 | Zot:5    | Killed a dread lich
 73733 | Zot:5    | Reached XP level 27. HP: 180/180 MP: 45/45
 73733 | Zot:5    | Noticed an orb of fire
 73735 | Zot:5    | Killed an orb of fire
 73765 | Zot:5    | Noticed an orb of fire
 73766 | Zot:5    | Noticed an ancient lich
 73768 | Zot:5    | Killed an ancient lich
 73771 | Zot:5    | Gained mutation: You are very clumsy. (Dex -4) [an orb of
                  | fire]
 73773 | Zot:5    | Lost mutation: Your mind is acute. (Int +4, Str/Dex -1) [an
                  | orb of fire]
 73775 | Zot:5    | Killed an orb of fire
 73805 | Zot:5    | Gained mutation: Potions are less effective at restoring
                  | your health. [mutagenic glow]
 73907 | Zot:5    | Noticed an ancient lich
 73911 | Zot:5    | Killed an ancient lich
 74282 | Zot:5    | Got the Orb of Zot
 74691 | D:13     | Noticed Doulelu the pandemonium lord
 74693 | D:13     | Killed Doulelu the pandemonium lord
 74694 | D:13     | Reached skill level 15 in Fighting
 74694 | D:13     | Reached skill level 15 in Dodging
 74845 | D:6      | Noticed Nett the pandemonium lord
 74846 | D:6      | Killed Nett the pandemonium lord
 75037 | D:$      | Escaped with the Orb!

Illustrated notes

Levels and vault maps discovered:
D:1:      minmay_arrival_shattered_statue, layout_basic
D:2:      layout_loops_ring, hellmonk_ecumenical_altar_zigzags,
          uniq_crazy_yiuf_cottage
D:3:      minmay_general_purpose_star, layout_rooms, overflow_temple_1_default
D:4:      layout_rooms, minmay_temple_entry_crystal_x, serial_shops,
          shop_fountains, hangedman_decor_diamond_cutter, uniq_pikel
D:5:      layout_basic, mainiacjoe_overflow_surrounded_room,
          nicolae_grassy_gnolls, uniq_ijyb
D:6:      layout_layer_cave, minmay_misc_feat_chi, uniq_grinder, uniq_edmund
D:7:      layout_basic, kennysheep_mini, mainiacjoe_overflow_two_lobes,
          serial_shops, shop
D:8:      layout_basic, uniq_psyche, uniq_jeremiah, uniq_amaemon
D:9:      minmay_the_grid_octo_triangle [minmay_the_grid_octo_pinwheel,
          minmay_the_grid_octo_prize_single_spiral, minmay_the_grid_octo_77],
          layout_small_grid, chequers_temple_overflow_minitemple,
          lemuel_doored_altar, enter_bailey_2, uniq_maggie, uniq_grum
D:10:     minmay_inner_zag, layout_loops_cross, kennysheep_mini_moat,
          hellmonk_guarded_unrand_gyre_and_gimble
D:11:     layout_basic, hellmonk_lair_entry_icy, erik_orc_4, uniq_nergalle
D:12:     layout_rooms, serial_shops, nicolae_shop_advertising_works
          [nicolae_subvault_shop_adworks], nicolae_ru_great_annihilating_truth
D:13:     layout_loops_ring, grunt_vaults_entry_tiered, portal_ice_cave_rime,
          minmay_guarded_unrand_staff_of_olgreb, uniq_nessos, uniq_jorgrun,
          uniq_snorg
D:14:     layout_layer_cave, nicolae_elyvilon_peaceful_grove, uniq_agnes
D:15:     gammafunk_depths_entry_grave, layout_basic, gauntlet_entry_generic,
          grunt_decor_clamped, uniq_rupert
Temple:   nicolae_temple_ecumenical_triangle
Lair:1:   layout_long_grid, evilmike_ambush [evilmike_ambush_outer_pillars,
          evilmike_ambush_inner_pond], lemuel_fruit_tree
Lair:2:   layout_long_grid, elwin_shoals_entry_stream,
          spider_nest_entry_funnel_web, nicolae_quartered_pool_medium,
          nicolae_lair_lil_pond, kennysheep_snail_temple, uniq_fannar
Lair:3:   layout_gridlike
Lair:4:   layout_loops_ring, nicolae_volcano_entry_lava_flow,
          small_statue_intersection, infiniplex_staircase_pool_2,
          serial_bayou_shore_b
Lair:5:   grunt_lair_end_beastmaster, layout_hall_layers, slime_entry_1
Shoals:1: layout_shoals, uniq_roxanne, uniq_kirke
Shoals:2: layout_shoals, uniq_polyphemus
Shoals:3: layout_shoals, serial_shops, shop
Shoals:4: shoals_end_hangedman, layout_shoals, uniq_bai_suzhen
Spider:1: layout_cave_pods, beargit_elvish_explorers
Spider:2: layout_spider_delve, hangedman_spider_tarantella_strand
Spider:3: layout_spider_delve, gammafunk_ghost_cemetery,
          nicolae_spider_rock_and_or_roll
Spider:4: grunt_spider_rune_circles, guppyfry_spider_mini_1
Orc:1:    layout_caves, mines2_david
Orc:2:    st_orc_mages, layout_diamond_mine, basic_altar, uniq_josephine
Elf:1:    minmay_elf_arrival_summoners, layout_gridlike, serial_shops,
          nicolae_lakefront_shop, hangedman_corner_corridor, minmay_shoptagon
Elf:2:    elven_hall_of_blades_hangedman_original
          [nicolae_blade_entry_antechamber], layout_geoelf_grid, laboratory,
          uniq_louise
Elf:3:    minmay_elf_hall_circle, layout_geoelf_octagon
Vaults:1: hangedman_vaults_stitches, v_misc_5, ontoclasm_vaults_bender,
          v_alt_pattern_2, nicolae_vaults_storage_closets_3,
          ontoclasm_vaults_water_temple, hangedman_vaults_restitches,
          hangedman_vaults_restitches, ontoclasm_vaults_shuriken,
          nicolae_vaults_little_squares_5, nicolae_vaults_specimen_jars,
          nicolae_vaults_rhombus_7, ontoclasm_vaults_ring_small,
          nicolae_vaults_variable_pillar_hall, layout_vaults_omnicross,
          serial_shops, bzr_entry_road
Vaults:2: nicolae_vaults_quartermaster, nicolae_vaults_alarming, v_pattern_5,
          nicolae_vaults_sesquioval_fish, grunt_vaults_diagonal,
          nicolae_vaults_wrenched, v_rooms_5, vaults_room_semicircle,
          vaults_standard_mumra_x, nicolae_vaults_layer_cake_slice,
          layout_vaults_ring, serial_shops, shop
Vaults:3: v_misc_29, nicolae_vaults_shipping_containers_6, v_misc_18,
          minmay_crypt_entry_necro_gods, v_misc_24,
          nicolae_vaults_network_quincunx
          [nicolae_vaults_network_quincunx_subvault,
          nicolae_vaults_network_quincunx_subvault,
          nicolae_vaults_network_quincunx_subvault,
          nicolae_vaults_network_quincunx_subvault,
          nicolae_vaults_network_quincunx_subvault], nicolae_vaults_trapezoid_1,
          nicolae_vaults_closet_pinwheel_5, nicolae_vaults_sesquioval_fish,
          nicolae_vaults_heist, nicolae_vaults_trapezoid_4,
          layout_vaults_omnibox, uniq_saint_roka, uniq_asterion
Vaults:4: vaults_room_fancy_cross, hangedman_vaults_corner_blocks,
          nicolae_vaults_frosty_reception, nicolae_vaults_tangram_1,
          nicolae_vaults_twisting_passages, nicolae_vaults_storage_room_glass,
          nicolae_vaults_asterisk, v_pattern_3, v_misc_2, v_misc_16,
          nicolae_vaults_tangram_1, v_misc_19, nicolae_vaults_tangram_1,
          nicolae_vaults_diamond_1, hangedman_vaults_hat,
          nicolae_vaults_diamond_2, grunt_vaults_twisty, layout_vaults_maze,
          serial_shops, uniq_donald, uniq_margery
Vaults:5: serial_shops
Depths:1: minmay_mutant_horseshoe, layout_basic, minmay_crystal_water,
          pf_vacation_house_of_asmodeus, minmay_acid_items, grunt_megastairs_3
Depths:2: minmay_dotted_concentric_squares, layout_gridlike, enter_ziggurat_d,
          pan_entry, grunt_mini_vestibule, abyss_entry, grunt_dithmenos_smoke
Depths:3: minmay_bloctagon_deflated, layout_basic, hell_entry,
          hangedman_abyss_entry_splay, chequers_serial_rivers_small_3
Depths:4: grunt_zot_entry_tricorne, layout_basic, grunt_hell_entry_dis_grunt,
          nemelex_diamond_rough_becter, eino_small_chamber_without_monster
Zot:1:    lemuel_halls_of_wrath, layout_gridlike,
          regret_index_zotdec_barnacled_simple
Zot:2:    dreamdust_black_sun_cult, layout_twisted_circle,
          regret_index_zotdec_serpentine_coiled, st_stairs_5
Zot:3:    lemuel_acid_trip, layout_onion_interference
Zot:4:    layout_onion_interference, lemuel_elevator, uniq_grunn, uniq_parghit
Zot:5:    layout_misc_corridors

Skill      XL: |  1  2  3  4  5  6  7  8  9 10 11 12 13 14 15 16 17 18 19 20 21 22 23 24 25 26 27 |
---------------+----------------------------------------------------------------------------------+-----
Fighting       | 4 5 6 7 8 10 11 13 15 | 15.3
Dodging        | 4 5 6 7 8 10 11 13 15 | 15.2
Staves         | 4 7 10 11 13 14 | 14.0
Translocations | 1 3 5 10 | 10.0
Spellcasting   | 1 3 5 7 8 9 10 12 14 15 17 18 | 18.0
Conjurations   | 5 6 13 15 17 18 19 20 22 23 | 23.7
Fire Magic     | 5 6 7 12 16 18 20 21 22 23 24 25 26 27 | 27.0
Evocations     | 4 6 |  6.3
Short Blades   | |  2.0
Shields        | |  3.0

Action                     |  1- 3 |  4- 6 |  7- 9 | 10-12 | 13-15 | 16-18 | 19-21 | 22-24 | 25-27 || total
---------------------------+-------+-------+-------+-------+-------+-------+-------+-------+-------++-------
  Melee: Rapier            |    61 |   157 |    12 |       |       |       |       |       |       ||   230
         Tentacles         |    10 |    30 |    46 |    76 |   190 |   104 |   122 |   110 |    39 ||   727
         Constrict         |    11 |    36 |    40 |    49 |    87 |    64 |    54 |    30 |    15 ||   386
         Punch             |       |     2 |     8 |     1 |    12 |     5 |     9 |     6 |     3 ||    46
         Lajatang          |       |       |   187 |   277 |   587 |   131 |   239 |   113 |    36 ||  1570
         Staff             |       |       |       |     7 |    11 |   238 |   158 |   206 |    78 ||   698
  Throw: Dart              |       |    17 |     4 |    26 |     3 |       |       |       |       ||    50
         Boomerang         |       |       |       |    27 |       |       |       |       |       ||    27
   Cast: Foxfire           |       |       |       |   335 |   350 |       |     1 |     2 |       ||   688
         Sticky Flame      |       |       |       |    50 |   105 |       |       |       |       ||   155
         Blink             |       |       |       |    10 |    11 |     2 |     1 |       |     4 ||    28
         Volatile Blastmot |       |       |       |     9 |     5 |       |       |       |       ||    14
         Searing Ray       |       |       |       |       |     7 |       |       |     1 |       ||     8
         Mephitic Cloud    |       |       |       |       |     5 |     2 |     2 |       |       ||     9
         Starburst         |       |       |       |       |    25 |   105 |    17 |    17 |     7 ||   171
         Ignition          |       |       |       |       |     5 |   145 |   111 |   104 |    18 ||   383
         Orb of Destructio |       |       |       |       |       |    49 |    98 |    33 |    16 ||   196
         Fire Storm        |       |       |       |       |       |       |     5 |    88 |   193 ||   286
         Passwall          |       |       |       |       |       |       |       |       |     8 ||     8
         Dispersal         |       |       |       |       |       |       |       |       |     4 ||     4
         Passage of Golubr |       |       |       |       |       |       |       |       |     1 ||     1
  Evoke: Wand              |       |       |     6 |    12 |     1 |     3 |     3 |       |     3 ||    28
         Lightning rod     |       |       |       |       |       |     7 |     2 |     4 |       ||    13
         Condenser vane    |       |       |       |       |       |       |     1 |       |       ||     1
    Use: Potion            |     2 |     6 |     3 |     7 |     3 |     8 |     3 |       |     6 ||    38
         Scroll            |       |    10 |    12 |    11 |    11 |     6 |     3 |     2 |    12 ||    67
   Stab: Sleeping          |     6 |     2 |     5 |       |     5 |     3 |     4 |       |     1 ||    26
         Distracted        |       |     1 |       |     1 |     2 |     2 |     3 |       |       ||     9
         Confused          |       |       |       |       |     3 |       |       |       |       ||     3
 Armour: Skin              |    26 |    75 |    73 |   190 |   307 |   224 |   193 |   199 |   154 ||  1441
  Dodge: Dodged            |    42 |   111 |    98 |   218 |   342 |   277 |   266 |   218 |   117 ||  1689
  Block: Buckler           |    14 |    27 |     3 |       |       |       |       |       |       ||    44
         Other             |       |       |       |       |       |    70 |    12 |       |       ||    82
         Reflection        |       |       |       |       |       |     4 |     1 |       |       ||     5

Table legend: (Time is in decaauts)
 A = Elapsed time spent in this place.
 B = Non-inter-level travel time spent in this place.
 C = Inter-level travel time spent in this place.
 D = Time resting spent in this place.
 E = Time spent auto-exploring this place.
 F = Levels seen in this place.
 G = Mean time per level.
                   A        B        C        D        E       F      G
               +--------+--------+--------+--------+--------+-----+--------+
         Total |  74135 |  68574 |   5561 |  18221 |  31790 |  53 | 1398.8 |
       Dungeon |  25687 |  22727 |   2960 |   6612 |   9095 |  15 | 1712.5 |
        Temple |     12 |     12 |      0 |      0 |      0 |   1 |   12.0 |
          Lair |   7464 |   7015 |    449 |   1877 |   3482 |   5 | 1492.8 |
        Shoals |   5177 |   4979 |    198 |   1102 |   2795 |   4 | 1294.2 |
   Spider Nest |   6516 |   6305 |    211 |   2062 |   3173 |   4 | 1629.0 |
  Orcish Mines |   1935 |   1732 |    203 |    225 |   1186 |   2 |  967.5 |
   Elven Halls |   3793 |   3676 |    117 |    848 |   1864 |   3 | 1264.3 |
        Vaults |   9043 |   8523 |    520 |    923 |   5526 |   5 | 1808.6 |
        Depths |   5260 |   4776 |    484 |    691 |   3166 |   4 | 1315.0 |
           Zot |   5270 |   4854 |    416 |   2558 |    507 |   5 | 1054.0 |
        Bazaar |    238 |    238 |      0 |      0 |     95 |   1 |  238.0 |
        Bailey |   1285 |   1285 |      0 |    307 |    335 |   1 | 1285.0 |
      Ice Cave |   1318 |   1318 |      0 |    625 |    276 |   1 | 1318.0 |
       Volcano |    413 |    413 |      0 |    213 |      0 |   1 |  413.0 |
      Gauntlet |    717 |    717 |      0 |    175 |    290 |   1 |  717.0 |
               +--------+--------+--------+--------+--------+-----+--------+

Top non-repeatable levels by time:
     D:9: 3010 daAuts
    D:10: 2776 daAuts
Vaults:5: 2324 daAuts
    D:12: 2315 daAuts
Spider:4: 2312 daAuts
  Lair:5: 2050 daAuts
Vaults:2: 1997 daAuts
     D:7: 1991 daAuts
    D:13: 1914 daAuts
Vaults:1: 1900 daAuts
  Lair:2: 1897 daAuts
   Zot:5: 1788 daAuts
    D:14: 1782 daAuts
     D:5: 1709 daAuts
     D:8: 1675 daAuts
